[Event "GrandPrix_30.05"]
[Site "Chess.com"]
[Date "2020.05.30"]
[Round "1"]
[White "zuagroasta"]
[Black "Sunerorlater"]
[Result "1-0"]
[WhiteElo "1846"]
[BlackElo "2170"]
[TimeControl "600+2"]
[EndTime "8:23:40 PDT"]
[Termination "zuagroasta won by resignation"]

1. d4 Nf6 2. c4 e6 3. Nc3 Bb4 4. e3 O-O 5. Ne2 Re8 6. a3 Bf8 7. d5 exd5 8. cxd5 c6 9. g3 d6 10. Bg2 g6 11. O-O Bg7 12. dxc6 bxc6 13. e4 Ng4 14. h3 Ne5 15. Qc2 Nbd7 16. Rd1 Nb6 17. f4 Nec4 18. b3 Na5 19. Rb1 Rb8 20. Kh2 Qe7 21. a4 a6 22. b4 Nb7 23. a5 Nd7 24. Nd4 Nd8 25. Nxc6 Nxc6 26. Nd5 Qd8 27. Qxc6 Bb7 28.
Qxd6 Re6 29. Qc7 Qe8 30. e5 Nxe5 31. fxe5 Bxe5 32. Qxe5 Rxe5 33. Nf6+ Kh8 34. Nxe8 Rexe8 35. Bb2+ Kg8 36. Bxb7 Rxb7 37. Bc3 g5 38. Rd5 h6 39. Rbd1 Re2+ 40. Kg1 Re3 41. R1d3 Rxd3 42. Rxd3 Kh7 43. Kf2 Rc7 44. Ke3 Rc6 45. Kd4 Kg6 46. Kd5 Rc8 47. Rf3 f5 48. Bd4 h5 49. b5 axb5 50. a6 Rd8+ 51.
Kc5 b4 52. a7 h4 53. gxh4 gxh4 54. Be5 1-0

[Event "GrandPrix_30.05"]
[Site "Chess.com"]
[Date "2020.05.30"]
[Round "1"]
[White "Korchmar_Vasiliy"]
[Black "v-kazakouski"]
[Result "0-1"]
[WhiteElo "2063"]
[BlackElo "2399"]
[TimeControl "600+2"]
[EndTime "8:23:46 PDT"]
[Termination "v-kazakouski won by resignation"]

1. d4 Nf6 2. c4 e6 3. g3 d5 4.
Bg2 Bb4+ 5. Nd2 O-O 6. Nf3 dxc4 7. Qc2 Nc6 8. Qxc4 Qd5 9. O-O Re8 10. e3 Bd6 11. b3 Qh5 12. Bb2 a5 13. a3 e5 14.
dxe5 Nxe5 15. Nxe5 Bxe5 16. Bxe5 Qxe5 17. Nf3 Qe7 18. Nd4 c6 19. b4 h5 20. h3 Bd7 21.
Rfb1 Ne4 22. Qc2 axb4 23. axb4 Rxa1 24. Rxa1 Ng5 25. h4 Ne6 26. Nxe6 Bxe6 27. Qc5 Qxc5 28.
bxc5 Rd8 29. Ra7 Rd7 30. Be4 g6 31. Kg2 Kg7 32. Kf3 Kf6 33. Kf4 Rd2 34. f3 Rb2 35. Ra8 Rb4 36. Rd8 Bd5 37. Rd7 Ke6 38. Rc7 f5 39.
Kg5 fxe4 40. f4 b6 41. g4 bxc5 42. f5+ gxf5 43. gxf5+ Kd6 44. Ra7 c4 45. f6 c3 46.
f7 Bxf7 47. Rxf7 c2 48. Rf6+ Kc7 49. Rf7+ Kb6 50. Rf1 Rb1 0-1

[Event "GrandPrix_30.05"]
[Site "Chess.com"]
[Date "2020.05.30"]
[Round "1"]
[White "Rakhmanov_Aleksandr"]
[Black "Korona_91"]
[Result "1-0"]
[WhiteElo "2446"]
[BlackElo "2095"]
[TimeControl "600+2"]
[EndTime "8:23:48 PDT"]
[Termination "Rakhmanov_Aleksandr won by resignation"]

1. d4 e6 2. c4 f5 3. Nc3 Nf6 4.
e3 b6 5. Bd3 Bb7 6. f3 Bb4 7.
Ne2 O-O 8. a3 Bxc3+ 9. Nxc3 d6 10. O-O Nbd7 11. e4 fxe4 12. fxe4 e5 13. d5 Nc5 14.
Bc2 a5 15. Be3 Qd7 16. b4 axb4 17. axb4 Rxa1 18. Qxa1 Na6 19. Qb1 Qg4 20. Bd2 h6 21. Nd1 Qe2 22. Rf2 Qh5 23. Ne3 Bc8 24. Qf1 Nb8 25.
c5 bxc5 26. bxc5 Ba6 27. Qb1 Nbd7 28. cxd6 cxd6 29. Bd1 Qg6 30. Nf5 Kh7 31. Ne7 Qf7 32.
Nc6 Nc5 33. Bc2 Qh5 34. h3 Qh4 35. Be3 Bc8 36. Bxc5 dxc5 37. Nxe5 Qg3 38. Nc4 Ng4 39. Rxf8 Qh2+ 40. Kf1 Qh1+ 41. Ke2 Qxg2+ 42. Kd1 Nf2+ 43. Kc1 Qg5+ 44. Kb2 Ba6 45. e5+ g6 46. Rxf2 Bxc4 47. Qe1 Qd8 48. e6 Qb6+ 49. Kc1 Qa6 50. Rf7+ Kg8 51.
Qc3 1-0

[Event "GrandPrix_30.05"]
[Site "Chess.com"]
[Date "2020.05.30"]
[Round "1"]
[White "RovenVogel"]
[Black "Tokarev_Sergey"]
[Result "1-0"]
[WhiteElo "2324"]
[BlackElo "1997"]
[TimeControl "600+2"]
[EndTime "8:23:52 PDT"]
[Termination "RovenVogel won by resignation"]

1. d4 e6 2. c4 d5 3. Nc3 Nf6 4.
cxd5 exd5 5. Bg5 Be7 6. e3 h6 7.
Bf4 O-O 8. Bd3 Bg4 9. Nf3 c5 10. dxc5 Bxc5 11. O-O Nc6 12. h3 Be6 13. Nb5 Rc8 14.
Rc1 Be7 15. Nbd4 Qd7 16. Bb5 Bd6 17. Ne5 Bxe5 18. Bxe5 Ne4 19. Qh5 a6 20. Nxc6 axb5 21. Nd4 Rxc1 22. Rxc1 Rc8 23. Qd1 b4 24. Qe1 Rxc1 25.
Qxc1 Nd6 26. Bxd6 Qxd6 27. Qd2 Bd7 28. Ne2 Qc5 29. Nf4 Bc6 30. Nd3 Qc4 31. Nxb4 g6 32.
b3 Qe4 33. Qd4 Qb1+ 34. Kh2 Qf5 35. Nd3 g5 36. a4 Qe6 37. Kg1 Qd6 38. Nb4 Qg6 39.
Qd3 Qd6 40. Nc2 Qc5 41. Nd4 Bd7 42. Qd2 Kg7 43. Ne2 f6 44. Qc3 Qa3 45. Qc7 Qa1+ 46.
Nc1 Kg6 47. Qxd7 Qxc1+ 48. Kh2 Qc2 49. Qxd5 Qxf2 50. Qe4+ Qf5 51. Qxf5+ Kxf5 52. Kg3 Ke4 53. Kg4 f5+ 54. Kh5 Kxe3 55. Kxh6 g4 56. hxg4 fxg4 57.
Kg5 g3 58. Kh4 Kf2 59. Kh3 1-0

[Event "GrandPrix_30.05"]
[Site "Chess.com"]
[Date "2020.05.30"]
[Round "1"]
[White "kirillshevchenko"]
[Black "Kostya_Nikologorskiy"]
[Result "1-0"]
[WhiteElo "2754"]
[BlackElo "2207"]
[TimeControl "600+2"]
[EndTime "8:23:59 PDT"]
[Termination "kirillshevchenko won by resignation"]

1. e4 e6 2. d4 d5 3. Nc3 Bb4 4. e5 c5 5. a3 Bxc3+ 6. bxc3 Ne7 7. h4 Qc7 8. Rb1 Bd7 9. h5 h6 10. Qg4 cxd4 11. Qxg7 Rg8 12. Qxh6 Nf5 13. Qf4 Qxc3+ 14. Bd2 Qxc2 15. Rc1 Qe4+ 16. Qxe4 dxe4 17. g4 e3 18. gxf5 exd2+ 19. Kxd2 exf5 20. Nf3 Nc6 21. Bb5 a6 22. Bxc6 Bxc6 23. Rhg1 Rxg1 24. Rxg1 O-O-O 25. Nh4 Rh8 26. Rg5 f4 27. Nf5 Bf3 28. h6 Kd7 29.
Nxd4 Be4 30. Rh5 Ke7 31. Rh4 Bg6 32. Ke2 f6 33. e6 Kd6 34. Rxf4 Rxh6 35. Ke3 f5 36.
Rxf5 Rh3+ 37. Rf3 Rh4 38. Rf4 Rh3+ 39. f3 Rh5 40. Rf6 Be8 41. Kf4 Rh4+ 42. Ke3 Rh1 43. Rf8 Bh5 44. Rd8+ Ke7 45. Rd7+ Kf6 46. Rxb7 Re1+ 47.
Kf4 Rd1 48. Rd7 Ra1 49. Rh7 Be8 50. Rh8 Ba4 51. Rh6+ Ke7 52. Nf5+ Kd8 53. e7+ Kc7 54. Rxa6 Bb5 55. Ra8 Re1 56. Ne3 Bc6 57. e8=Q Bxe8 58. Rxe8 1-0

[Event "GrandPrix_30.05"]
[Site "Chess.com"]
[Date "2020.05.30"]
[Round "1"]
[White "Misterlose0"]
[Black "Lion_DL"]
[Result "1-0"]
[WhiteElo "1874"]
[BlackElo "2163"]
[TimeControl "600+2"]
[EndTime "8:23:59 PDT"]
[Termination "Misterlose0 won by resignation"]

1. d4 Nf6 2. c4 c5 3. d5 e5 4. Nc3 d6 5. e4 a6 6. Bd3 g6 7. f4 Nbd7 8. Nf3 Qe7 9. O-O Bg7 10.
fxe5 Nxe5 11. Nxe5 Qxe5 12. Bf4 Qe7 13. Qf3 Ng4 14. Qg3 Ne5 15. Bg5 f6 16. Bd2 O-O 17.
Rae1 Bd7 18. a4 Rf7 19. h4 Kh8 20. Rf2 Raf8 21. Ref1 Qe8 22. Bf4 Bxa4 23. h5 gxh5 24. Be2 Re7 25. Bxe5 Rxe5 26. Rf5 Bd7 27. Bxh5 Qe7 28.
Rxe5 fxe5 29. Rxf8+ Qxf8 30. Bg4 Bxg4 31. Qxg4 Bh6 32.
Qf5 Qxf5 33. exf5 Be3+ 34. Kf1 Bd4 35. Ne4 Bxb2 36. Nxd6 Kg7 37. Nxb7 Bd4 38. d6 e4 39. d7 Bf6 40. d8=Q Bxd8 41. Nxd8 a5 42. Ne6+ Kf6 43. Nxc5 Kxf5 44. Ke2 Ke5 45. Ke3 h5 46. Nxe4 a4 47.
Nc3 a3 48. g3 Kf5 49. c5 Ke5 50. Kd3 a2 51. Nxa2 Kd5 52. Ke3 Kxc5 53. Kf4 h4 54.
gxh4 Kd6 55. Kg5 Ke7 56. h5 Kf7 57. Nc3 Kg7 58. Ne4 Kh7 59. Ng3 Kg7 60. Ne2 Kh7 61.
Nf4 Kg7 62. Nd5 Kh7 63. Nf6+ Kg7 64. h6+ Kh8 65. Nd7 Kh7 66. Ne5 Kh8 67. Kg6 Kg8 68. h7+ 1-0

[Event "GrandPrix_30.05"]
[Site "Chess.com"]
[Date "2020.05.30"]
[Round "1"]
[White "Arasvard"]
[Black "Meizon19"]
[Result "0-1"]
[WhiteElo "1994"]
[BlackElo "2318"]
[TimeControl "600+2"]
[EndTime "8:24:08 PDT"]
[Termination "Meizon19 won by resignation"]

1. d4 Nf6 2. c4 g6 3. f3 Bg7 4.
e4 d6 5. Ne2 O-O 6. Be3 b6 7.
Nbc3 c5 8. d5 Nbd7 9. Ng3 a6 10.
Be2 Rb8 11. a4 Re8 12. O-O e6 13. Qd2 exd5 14. cxd5 Qe7 15. h3 h5 16. Bg5 Qf8 17.
Rae1 Nh7 18. Bf4 Qe7 19. Bd3 Ne5 20. Nh1 Nxd3 21. Qxd3 b5 22. Nf2 bxa4 23. e5 dxe5 24. Bxe5 Bxe5 25. f4 Bf5 26. Qf3 Qd6 27. fxe5 Rxe5 28.
g4 hxg4 29. hxg4 Rxe1 30. Rxe1 Bd7 31. Nfe4 Qe5 32. Rf1 Qd4+ 33. Kh1 Rf8 34. Rd1 Qe5 35.
Nxc5 Bc8 36. Nd3 Qg5 37. Nf2 Kg7 38. d6 Be6 39. Nce4 Qe5 40. Qc3 Qxc3 41. bxc3 Nf6 42. g5 Nxe4 43. Nxe4 a3 44. Nc5 Rc8 45. Nxe6+ fxe6 46.
c4 a2 47. c5 Rxc5 48. Ra1 Rd5 49. Rxa2 Rxd6 50. Kg2 Kf7 51. Kf3 e5 52. Ke4 Ke6 53. Ra5 Rd4+ 54. Ke3 Kf5 55. Rxa6 Kxg5 56. Re6 Kf5 57.
Re8 Re4+ 58. Kf3 Rf4+ 59. Ke3 g5 60. Rg8 Rb4 61. Kd3 e4+ 62. Ke3 Rb3+ 63. Kd4 Rd3+ 64.
Kc4 g4 0-1

[Event "GrandPrix_30.05"]
[Site "Chess.com"]
[Date "2020.05.30"]
[Round "1"]
[White "SoltaniciR"]
[Black "AlexVanGog"]
[Result "0-1"]
[WhiteElo "2164"]
[BlackElo "2610"]
[TimeControl "600+2"]
[EndTime "8:24:09 PDT"]
[Termination "AlexVanGog won by resignation"]

1. e4 c5 2. Nf3 d6 3. d4 cxd4 4. Nxd4 Nf6 5. Nc3 a6 6. Be3 e5 7.
Nf3 Qc7 8. a4 Be7 9. a5 Be6 10.
Be2 Nbd7 11. Nd5 Bxd5 12. exd5 O-O 13. O-O Ne8 14. c4 g6 15. b4 Ng7 16. Bh6 Rfe8 17. Re1 Nf5 18. Bc1 e4 19. Ng5 Bf6 20. Ra3 e3 21. f4 h6 22. Nf3 Re4 23. g3 Rae8 24.
Bd3 Rxc4 25. Bxc4 Qxc4 26. Qb3 Qe4 27. Kg2 Nd4 28. Qd1 e2 29. Qd3 Nc2 30. Qxe4 Rxe4 31. Rb3 Nxe1+ 32. Nxe1 Rc4 33. Bd2 Rd4 34. Rd3 Rxd3 35.
Nxd3 Bd4 36. Kf3 Nf6 37. Kxe2 Nxd5 38. f5 gxf5 39. Bxh6 Bc3 40. Bd2 Bxd2 41. Kxd2 Kg7 42. Ke2 Kf6 43. Kf3 Ne7 44. Ke3 Nc6 45. Kf4 Ne5 46.
Ne1 d5 47. h3 d4 48. Nc2 d3 49.
Ne3 d2 50. Nd1 Nd3+ 51. Ke3 Nxb4 52. Kxd2 Nc6 53. Kc3 Nxa5 54. Kb4 b6 55. Ne3 Ke5 56. h4 Ke4 57. h5 Kxe3 58. h6 Nc6+ 59. Kc4 Ne5+ 0-1

[Event "GrandPrix_30.05"]
[Site "Chess.com"]
[Date "2020.05.30"]
[Round "1"]
[White "RaphaeI"]
[Black "MaxVavulin"]
[Result "0-1"]
[WhiteElo "2244"]
[BlackElo "2093"]
[TimeControl "600+2"]
[EndTime "8:24:09 PDT"]
[Termination "MaxVavulin won on time"]

1. Nf3 Nf6 2. c4 b6 3. d4 e6 4. g3 Ba6 5. b3 b5 6. cxb5 Bxb5 7. Bg2 d5 8. O-O Bd6 9. Nc3 Ba6 10. Bg5 Nbd7 11. Re1 h6 12. Bxf6 Nxf6 13. Ne5 Bb7 14. Rc1 c5 15. Nb5 cxd4 16. Qxd4 Bb8 17. Nc6 Bxc6 18. Rxc6 O-O 19. Rec1 Qa5 20. a4 a6 21. Nc7 Ra7 22. Qc3 Bxc7 23. Rxc7 Rxc7 24. Qxc7 Qb4 25. Qc3 Rb8 26. Qxb4 Rxb4 27. Rc3 d4 28. Rd3 Nd7 29. e3 dxe3 30. Rxe3 Nc5 31. Bf1 Nxb3 32. Bxa6 Nc5 33. Bb5 Nxa4 34. Bxa4 Rxa4 35. h4 g5 36. hxg5 hxg5 37. Rb3 Kg7 38. Rb5 Kf6 39. Kg2 g4 40.
Rc5 Kg6 41. Rb5 f5 42. Rb6 Kf6 43. Rb5 Ra3 44. Rc5 Rf3 45. Rb5 e5 46. Rb6+ Ke7 47.
Ra6 e4 48. Rb6 Rd3 49. Ra6 Rd6 50. Ra5 Ke6 51. Rb5 Rd5 52. Rb8 Ke5 53. Re8+ Kd4 54.
Rf8 Kd3 55. Ra8 Rc5 56. Ra2 Rc2 0-1

[Event "GrandPrix_30.05"]
[Site "Chess.com"]
[Date "2020.05.30"]
[Round "1"]
[White "weplaychess09"]
[Black "Mesropov_Konstantin"]
[Result "1/2-1/2"]
[WhiteElo "2061"]
[BlackElo "2318"]
[TimeControl "600+2"]
[EndTime "8:24:10 PDT"]
[Termination "Game drawn by stalemate"]

1. d4 e6 2. c4 d5 3. Nc3 f5 4. e3 Nf6 5. Bd3 c6 6. Nge2 Bd6 7. Qc2 Ne4 8. O-O O-O 9. f3 Nxc3 10. Nxc3 Nd7 11.
Bd2 Nf6 12. Rae1 Qc7 13. h3 Bg3 14. Rd1 Bh2+ 15. Kh1 Bd6 16. e4 Nh5 17. Ne2 g6 18. e5 Be7 19. g4 Ng7 20. Rg1 b6 21. Bh6 dxc4 22. Bxc4 fxg4 23. fxg4 Bb7 24. Bxg7 Kxg7 25. Bxe6 c5+ 26. d5 Qxe5 27. Qc3 Bf6 28. Qxe5 Bxe5 29. Rd2 Rf6 30. Rg2 Rd8 31. Rc2 Rxd5 32. Bxd5 Bxd5 33. Kg1 Bxg2 34. Kxg2 Re6 35. b3 h5 36. gxh5 gxh5 37.
Kf3 Kf7 38. a3 a5 39. Nc1 Bd4 40. Re2 Rf6+ 41. Kg2 a4 42. bxa4 c4 43. Re4 Rf2+ 44. Kg3 Rd2 45. Ne2 Bf6 46. Re3 Rd3 47. Kf3 Bg5 48.
Rxd3 cxd3 49. Nc3 Ke6 50. Ke4 d2 51. Kd3 Kf5 52. Ke2 h4 53. Nd5 Bd8 54. Kxd2 Ke4 55.
Nb4 Kf3 56. Nc6 Bc7 57. Ke1 Kg3 58. Kf1 Kxh3 59. Kg1 Kg3 60. a5 bxa5 61. Nxa5 Bxa5 62.
a4 Bb4 63. a5 Bxa5 64. Kh1 h3 65. Kg1 h2+ 66. Kh1 Kh3 1/2-1/2

[Event "GrandPrix_30.05"]
[Site "Chess.com"]
[Date "2020.05.30"]
[Round "1"]
[White "chessdjw"]
[Black "Grandelicious"]
[Result "1-0"]
[WhiteElo "2298"]
[BlackElo "2616"]
[TimeControl "600+2"]
[EndTime "8:24:12 PDT"]
[Termination "chessdjw won by checkmate"]

1. e4 c5 2. Nf3 d6 3. Bb5+ Nd7 4. a4 a6 5. Be2 Ngf6 6. Nc3 b6 7. d4 cxd4 8. Qxd4 Bb7 9. O-O e6 10. Rd1 Be7 11. e5 dxe5 12. Nxe5 Bc5 13. Qf4 Qc7 14. Nxd7 Qxf4 15. Bxf4 Nxd7 16. Rd2 Nf6 17. Rad1 Bb4 18. Bc7 Bxc3 19. Rd8+ Ke7 20. Rxh8 Rxh8 21. Bd6+ Ke8 22.
bxc3 Ne4 23. Bb4 f5 24. f3 Nf6 25. c4 Kf7 26. Rd6 a5 27. Ba3 Rc8 28. Rxb6 Bc6 29.
Ra6 Bxa4 30. Bd3 Nd7 31. Rxa5 Bc6 32. Kf2 g5 33. Bd6 h5 34. Ra7 g4 35. c5 Kf6 36.
f4 h4 37. g3 hxg3+ 38. hxg3 Rh8 39. Rc7 Rh2+ 40. Ke3 Nb8 41. Be5+ Kg6 42. Rg7+ Kh6 43.
Rg8 Rg2 44. Rxb8 Rxg3+ 45. Kd4 Rg1 46. Rc8 Bf3 47. Re8 g3 48. Rxe6+ Kh5 49. Bxf5 g2 50. Re7 Rd1+ 51. Kc3 Kh4 52. Rh7+ Kg3 53. Rg7+ Kf2 54.
Bd4+ Ke2 55. Bd3+ Ke1 56. Re7+ Be2 57. Rxe2+ Kf1 58. Rd2+ Ke1 59. Bf2# 1-0

[Event "GrandPrix_30.05"]
[Site "Chess.com"]
[Date "2020.05.30"]
[Round "1"]
[White "Micki-taryan"]
[Black "Winawer81"]
[Result "1-0"]
[WhiteElo "2530"]
[BlackElo "2144"]
[TimeControl "600+2"]
[EndTime "8:24:15 PDT"]
[Termination "Micki-taryan won by resignation"]

1. d4 Nf6 2. Nf3 e6 3. c4 b6 4.
Nc3 Bb7 5. Bg5 Be7 6. Qc2 h6 7. Bh4 c5 8. dxc5 bxc5 9. Rd1 d6 10. e3 Nc6 11. Be2 a6 12. O-O Qc7 13. Rd2 O-O 14. Rfd1 Rfd8 15. h3 Rab8 16. Bg3 Ne8 17. a3 Ba8 18.
Ne4 Na5 19. Rb1 Nb3 20. Rdd1 Rb6 21. Ned2 Rdb8 22. Nxb3 Rxb3 23. Nd2 R3b6 24. b3 Bc6 25.
Bf3 Qb7 26. Bxc6 Qxc6 27. e4 e5 28. Nf1 Qb7 29. Ne3 Rxb3 30. Ra1 Bg5 31. Nf5 Be7 32. f4 g6 33. Nxe7+ Qxe7 34. Kh2 Rb2 35. Qc1 R8b3 36. Rd2 Rxd2 37. Qxd2 exf4 38. Bxf4 g5 39. Qd1 Rb2 40. Bg3 Qxe4 41. Qf1 Re2 42. Rd1 h5 43. Kh1 h4 44. Re1 Rxe1 45. Bxe1 Ng7 46. Bc3 Nf5 47. Kh2 Qf4+ 48. Qxf4 gxf4 49. Bd2 Ne3 50. Kg1 Nxc4 51. Bxf4 Nxa3 52. Bxd6 Nb5 53. Bxc5 Kh7 54. Kf2 Kg6 55.
Kf3 Nc3 56. Bf2 Kh5 57. Kf4 a5 58. Be1 Nd5+ 59. Ke5 Ne3 60. Bxa5 Nxg2 61. Ke4 Ne1 62. Bxe1 Kg5 63. Bd2+ Kh5 64. Kf4 f5 65. Be1 Kg6 66.
Bxh4 1-0

[Event "GrandPrix_30.05"]
[Site "Chess.com"]
[Date "2020.05.30"]
[Round "1"]
[White "Bacyanide"]
[Black "LuckyLuka04"]
[Result "1/2-1/2"]
[WhiteElo "2447"]
[BlackElo "2148"]
[TimeControl "600+2"]
[EndTime "8:24:19 PDT"]
[Termination "Game drawn by agreement"]

1. d4 Nf6 2. Nf3 e6 3. Bf4 d5 4. Nbd2 Bd6 5. Bg5 c5 6. e3 O-O 7. c3 b6 8. Bd3 Bb7 9. Ne5 Be7 10. f4 Ne4 11. Bxe7 Qxe7 12. Qf3 f6 13. Ng4 Nd7 14.
Qh3 f5 15. Ne5 cxd4 16. exd4 Nxe5 17. fxe5 Qg5 18. Rd1 Kh8 19. Nb3 Bc6 20. O-O Ba4 21. Rfe1 Be8 22. Be2 a5 23. Nc1 Bg6 24. Nd3 Be8 25.
Rf1 Bb5 26. Nf4 Bxe2 27. Nxe2 Kg8 28. Nf4 Qe7 29. Ne2 a4 30. a3 g5 31. Ng3 f4 32.
Nxe4 dxe4 33. Qg4 Kh8 34. h4 gxh4 35. Rxf4 e3 36. Re1 Rxf4 37. Qxf4 h3 38. gxh3 Rg8+ 39. Kh2 Rf8 40. Qg3 Qf7 41. Rxe3 Qf1 42. Qg1 Rf2+ 43.
Kh1 Qxg1+ 44. Kxg1 Rxb2 45. Rf3 Rb3 46. Rf6 Rxa3 47. Rxe6 Rxc3 48. Rxb6 Rxh3 49. e6 Kg7 50. d5 Kf6 51. Rb7 Re3 52. Rf7+ Ke5 53. Rd7 Kf6 54. Rf7+ Ke5 55. Rd7 Kf6 56. Kf2 Re5 57. Rf7+ Kg6 58. Ra7 Rxd5 59. Rxa4 Kf6 60. Ra7 Kxe6 61. Rxh7 Rf5+ 62.
Kg3 1/2-1/2

[Event "GrandPrix_30.05"]
[Site "Chess.com"]
[Date "2020.05.30"]
[Round "1"]
[White "SavelievAlexei"]
[Black "VMikhalevski"]
[Result "0-1"]
[WhiteElo "2183"]
[BlackElo "2648"]
[TimeControl "600+2"]
[EndTime "8:24:21 PDT"]
[Termination "VMikhalevski won by resignation"]

1. e4 e5 2. Nf3 Nc6 3. Be2 Nf6 4. d3 g6 5. c3 Bg7 6. b4 a6 7. a4 d5 8. Nbd2 O-O 9. O-O Re8 10. Re1 b6 11.
Bb2 Bb7 12. Bf1 Qd6 13. Qb3 Rad8 14. Rad1 Qd7 15. g3 h6 16. Bg2 Kh7 17. Ba3 Kg8 18. Bb2 Qc8 19. Nh4 Ne7 20. exd5 Bxd5 21. Bxd5 Rxd5 22. c4 Rdd8 23. Bxe5 Nc6 24. Ba1 Rxe1+ 25.
Rxe1 Qh3 26. Nhf3 a5 27. b5 Nb4 28. d4 Ng4 29. Nf1 Qh5 30. Re7 Qf5 31. h3 Nf6 32.
Kg2 Ne8 33. Re1 Qc2 34. Qe3 Qxc4 35. Rc1 Qa2 36. Ne5 Qe6 37. f4 Nd5 38. Qf3 Nef6 39. Nc6 Re8 40. Ne5 Qf5 41. Nd2 h5 42. Rc6 h4 43. g4 Qxf4 44. Qxf4 Nxf4+ 45. Kf3 Nxh3 46. Rxc7 Ng5+ 47. Kg2 Nd5 48. Rd7 Nf4+ 49. Kf2 Rc8 50. Nc6 Re8 51. Ne5 h3 52. Kg3 Ne2+ 53. Kh2 Nxd4 54.
Bxd4 Bxe5+ 55. Bxe5 Rxe5 56. Nc4 Re2+ 57. Kg3 Rg2+ 58.
Kf4 Ne6+ 59. Ke5 h2 60. Rd1 Rg1 0-1

[Event "GrandPrix_30.05"]
[Site "Chess.com"]
[Date "2020.05.30"]
[Round "1"]
[White "BogdanDeac"]
[Black "klimkoj"]
[Result "1-0"]
[WhiteElo "2481"]
[BlackElo "2119"]
[TimeControl "600+2"]
[EndTime "8:24:21 PDT"]
[Termination "BogdanDeac won by resignation"]

1. Nf3 Nf6 2. c4 g6 3. Nc3 Bg7 4. g3 O-O 5. Bg2 d6 6. d4 Nc6 7. O-O a6 8. Re1 Rb8 9. Rb1 Bg4 10. h3 Bxf3 11. Bxf3 Nd7 12. e3 e5 13. d5 Ne7 14.
e4 f5 15. h4 Nf6 16. h5 f4 17. Kg2 g5 18. g4 Qd7 19. Be2 c5 20. b4 b6 21. f3 Rfc8 22. Qa4 Qxa4 23. Nxa4 Nd7 24.
Bd2 Rb7 25. Rb2 Rcb8 26. Reb1 Nc8 27. Be1 Bf6 28. Bf2 Be7 29. Nc3 Rc7 30. Bd1 cxb4 31.
Rxb4 Nc5 32. Bc2 Kf7 33. Kf1 Bd8 34. Ke2 h6 35. Na4 a5 36. Nxc5 dxc5 37. Rb5 Ra8 38.
Rxb6 Nxb6 39. Rxb6 Raa7 40. Rxh6 Rab7 41. Kd3 Rb2 42. Rh8 Be7 43. a4 Rcb7 44. Be1 Ra2 45.
Bc3 Ra3 46. Rh7+ Kg8 47. Rh6 Bf8 48. Ra6 Ra2 49. Rxa5 Ra3 50. Rb5 Ra7 51. Rb6 Bg7 52. Kd2 Kh7 53. Rb5 Ra2 54. Kc1 Bf8 55. Rb6 R7xa4 56.
Bxa4 Rxa4 57. Kc2 Rxc4 58. Kb3 1-0

[Event "GrandPrix_30.05"]
[Site "Chess.com"]
[Date "2020.05.30"]
[Round "1"]
[White "Meri-Arabidze"]
[Black "VolodymyrMolyboha"]
[Result "1-0"]
[WhiteElo "2061"]
[BlackElo "2225"]
[TimeControl "600+2"]
[EndTime "8:24:25 PDT"]
[Termination "Meri-Arabidze won by resignation"]

1. d4 g6 2. c4 Bg7 3. Nf3 d6 4. Nc3 Bg4 5. e3 Nc6 6. Be2 e5 7. d5 Nce7 8. h3 Bxf3 9. Bxf3 f5 10. e4 Nf6 11. exf5 Nxf5 12. O-O O-O 13. g3 Bh6 14. Bxh6 Nxh6 15. c5 Nf5 16. cxd6 cxd6 17. Bg2 Rc8 18. Qb3 Qd7 19. Rac1 a6 20. Qb6 Qc7 21. Qb4 Nd4 22. f4 a5 23. Qa4 Qc5 24. Kh2 Qb6 25. fxe5 dxe5 26. Qa3 Qd8 27. Na4 b5 28. Nc5 Qd6 29. Nb7 Qxa3 30. bxa3 Rxc1 31. Rxc1 Rb8 32. Nxa5 Ra8 33.
Nc6 Rxa3 34. Nxe5 Rxa2 35. d6 Rd2 36. d7 Nxd7 37. Nxd7 b4 38. Nc5 b3 39. Rb1 b2 40.
Na4 h5 41. Nxb2 Nf5 42. Nc4 Rd3 43. Rb8+ Kg7 44. Rb7+ Kh6 45. Ne5 Rxg3 46. Nf7+ Kg7 47. Nd6+ Kf6 48. Nxf5 Rc3 49. Nd6 Rc2 50. Ne4+ Ke5 51.
Rg7 Kf5 52. Rf7+ Ke5 53. Re7+ Kf5 54. Rf7+ Ke5 55. h4 Rc6 56. Kg3 Rb6 57. Bf3 Ra6 58.
Re7+ Kf5 59. Ng5 Rb6 60. Be4+ Kf6 61. Rf7+ Ke5 62. Rg7 Rb3+ 63. Bf3 Rb6 64. Rc7 Kf5 65. Rc5+ Kf6 66. Rc6+ 1-0

[Event "GrandPrix_30.05"]
[Site "Chess.com"]
[Date "2020.05.30"]
[Round "1"]
[White "anesar92"]
[Black "Jaka_Brilej"]
[Result "1/2-1/2"]
[WhiteElo "2405"]
[BlackElo "2123"]
[TimeControl "600+2"]
[EndTime "8:24:30 PDT"]
[Termination "Game drawn by agreement"]

1. e4 c5 2. Nf3 Nc6 3. d4 cxd4 4. Nxd4 Nf6 5. Nc3 e5 6. Ndb5 d6 7. Bg5 a6 8. Na3 b5 9. Bxf6 gxf6 10. Nd5 Bg7 11. g3 Ne7 12. Nxe7 Qxe7 13. Bg2 O-O 14. O-O Rb8 15. c3 f5 16. exf5 Bxf5 17. Nc2 Be6 18. Nb4 Rb6 19. Re1 Rc8 20. Qh5 Rc5 21. Be4 h6 22.
Rad1 Qg5 23. Qxg5 hxg5 24. Nd5 Bxd5 25. Bxd5 b4 26. c4 b3 27. a3 Kf8 28. g4 Ke7 29. Rd3 Rc8 30. Kg2 Rh8 31. Ree3 Rhb8 32. Rh3 e4 33.
Rd2 Rc8 34. Re3 Be5 35. Rxe4 Rh8 36. h3 f6 37. Ree2 a5 38. Re4 Rbb8 39. Bc6 Kf7 40.
Ree2 Rhc8 41. Bd5+ Kg7 42. Rd3 Rc5 43. a4 Rb4 44.
Ree3 Bxb2 45. Rxb3 Rc7 46. Rbd3 Rxa4 47. Re8 Be5 48. Ra8 Rb4 49. Rxa5 Rb8 50. Rda3 Bd4 51. Ra8 Rcc8 52. R8a6 Rb2 53. Rf3 Bc5 54. Kg3 Re8 55.
Rc6 Re7 56. Rc8 Bd4 57. Rg8+ Kh7 58. Rd8 Be5+ 59. Kg2 Kg7 60. Rd3 Bf4 61. Bf3 Be5 62.
Ra3 Bd4 63. Raa8 Rxf2+ 64. Kg3 Rd2 65. Rg8+ Kh6 66. Rh8+ Rh7 67. Rxh7+ Kxh7 68. Be4+ Kg7 69. Rb8 Be5+ 1/2-1/2

[Event "GrandPrix_30.05"]
[Site "Chess.com"]
[Date "2020.05.30"]
[Round "1"]
[White "vladislavkovalev"]
[Black "arminmusovic"]
[Result "1/2-1/2"]
[WhiteElo "2787"]
[BlackElo "2247"]
[TimeControl "600+2"]
[EndTime "8:24:31 PDT"]
[Termination "Game drawn by repetition"]

1. e4 c6 2. Nf3 d5 3. Nc3 dxe4 4.
Nxe4 Nf6 5. Qe2 Nxe4 6. Qxe4 Qd5 7. Qf4 Qf5 8. Qxf5 Bxf5 9. d3 Na6 10. Bd2 e6 11. g3 Nb4 12. Kd1 Be7 13. Bg2 O-O-O 14.
a3 Nd5 15. Re1 h6 16. Ke2 Bf6 17. Rab1 Nb6 18. Bc3 Na4 19. Bxf6 gxf6 20. Kd2 Rd6 21.
b3 Nc5 22. Re3 Ne4+ 23. Ke1 Nc3 24. Ra1 Rhd8 25. Nh4 Bh7 26. Kd2 Nb5 27. Nf3 a5 28. a4 Nc7 29. Nh4 Rd4 30. f4 Na6 31. f5 e5 32. Be4 Nc5 33. Kc3 Kc7 34. Nf3 Rb4 35. Nd2 b6 36. Nc4 Nb7 37. Kb2 Nc5 38. Ra3 Nxe4 39. dxe4 Rd4 40. Kc3 Rd1 41. Re2 Rb1 42.
Ra2 Bg8 43. Re3 Bh7 44. Rd3 Rh1 45. h4 Re1 46. Nd6 Kd7 47. Kd2 Rg1 48. Rb2 Rd4 49.
Rxd4 exd4 50. Nc4 Kc7 51. Kd3 Rd1+ 52. Ke2 Rg1 53. Kf2 Rc1 54. Nd2 Kd6 55. Nf3 Kc5 56. Ne1 Kb4 57. Ke2 Kc3 58. Ra2 c5 59. Kf2 Rd1 60.
Ke2 Rd2+ 61. Kf3 Rd1 62. Ke2 Rd2+ 63. Kf3 Rd1 64. Ke2 1/2-1/2

[Event "GrandPrix_30.05"]
[Site "Chess.com"]
[Date "2020.05.30"]
[Round "1"]
[White "GM_dmitrij"]
[Black "rfhfb"]
[Result "1-0"]
[WhiteElo "2492"]
[BlackElo "2123"]
[TimeControl "600+2"]
[EndTime "8:24:40 PDT"]
[Termination "GM_dmitrij won by resignation"]

1. e4 e5 2. Nf3 Nc6 3. Bc4 Bc5 4. c3 Nf6 5. d3 d6 6. O-O Bb6 7. Nbd2 O-O 8. Bb3 Ne7 9. Nc4 Ng6 10.
a4 c6 11. Nxb6 Qxb6 12. a5 Qc7 13. Bg5 Nd7 14. d4 h6 15. Be3 Nf6 16. Bc2 Be6 17. h3 Rfd8 18. Qc1 b6 19. b3 c5 20. d5 Bd7 21. axb6 axb6 22. Qb2 Nh5 23. Kh2 Nhf4 24.
Ng1 Bb5 25. c4 Bd7 26. g3 Nh5 27. Ra2 Ne7 28. Rfa1 Qb7 29. b4 Rxa2 30. Rxa2 Ra8 31. Rxa8+ Qxa8 32. bxc5 bxc5 33. Qb6 Nf6 34. Qxd6 Nc8 35.
Qxe5 Qa2 36. Qc3 Nd6 37. e5 Nfe4 38. Qd3 Bf5 39. exd6 Nxd6 40. Bb3 Qb2 41. Qd1 Ne4 42.
Qf3 Bg6 43. Ba4 Qa2 44. Bb5 Qb1 45. Qf4 Qd3 46. Nf3 Qd1 47. Ne5 Nc3 48. Nxg6 fxg6 49.
Qb8+ Kh7 50. g4 Ne2 51. Kg2 Qg1+ 52. Kf3 Nc3 53. Qg3 Qh1+ 54. Qg2 Qd1+ 55. Kg3 Ne2+ 56. Kh2 Qd3 57. Ba6 Qd1 58. Bc8 Qd3 59. Be6 Qxc4 60.
h4 Qd3 61. h5 Kh8 62. hxg6 Qxg6 63. Qf3 Qd3 64. Qf8+ Kh7 65. Bf5+ 1-0